 Dungeon Crawl Stone Soup version 0.30-a0-553-g7fabdf1491 (webtiles) character file.

Game seed: 9466310604018425374

11064 drugrobin the Martial Artist (level 11, -1/82 HPs)
             Began as a Demigod Delver on Dec 27, 2022.
             Slain by an unseen horror (5 damage)
             ... on level 10 of the Dungeon.
             The game lasted 00:35:00 (9156 turns).

drugrobin the Martial Artist (Demigod Delver)       Turns: 9156, Time: 00:35:01

Health: -1/82      AC:  4    Str: 17    XL:     11   Next: 21%
Magic:  17/17      EV: 22    Int: 16    God:
Gold:   636        SH:  0    Dex: 19    Spells: 8/14 levels left

rFire   . . .      SeeInvis .      - Unarmed
rCold   . . .      Faith    .    (no shield)
rNeg    . . .      Spirit   .    y - +1 leather armour {rPois}
rPois   +          Reflect  .    (helmet currently unavailable)
rElec   .          Harm     .    (no cloak)
rCorr   .          Rampage  .    (no gloves)
Will    +....                    (boots currently unavailable)
Stlth   +++                      I - amulet of regeneration
HPRegen 1.13/turn                T - +4 ring of evasion
MPRegen 0.15/turn                E - +4 ring of evasion

@: appendages (expiring)
A: horns 2, talons 2, high MP 1, forlorn, divine attributes, poison resistance,
wild magic 1, MP-powered wands
a: End Transformation


You were on level 10 of the Dungeon.
You had temporarily grown beastly horns and talons.
You visited 2 branches of the dungeon, and saw 12 of its levels.
You also visited: Sewer.

You collected 648 gold pieces.
You spent 12 gold pieces at shops.

Inventory:

Hand Weapons
 b - the +7 shortbow of Fabbim {flame, rElec Int+2}
   (You found it on level 2 of the Dungeon)

   Any ammunition fired from it burns those it strikes, dealing additional fire
   damage.
   Int:       It affects your intelligence (+2).
   rElec:     It insulates you from electricity.
 c - a +2 dagger of venom
 r - a +0 dagger of draining
Missiles
 k - a throwing net
 H - 32 poisoned darts
 R - 2 curare-tipped darts
Armour
 y - a +1 leather armour of poison resistance (worn)
 A - a +0 helmet (melded)
Magical Staves
 K - a staff of conjuration
Jewellery
 n - a ring of protection from fire
 o - a ring of magical power
 w - a ring of willpower
 E - a +4 ring of evasion (right hand)
 I - an amulet of regeneration (around neck)
 T - a +4 ring of evasion (left hand)
 U - a ring of see invisible
 V - a ring of willpower
Wands
 f - a wand of digging (3)
 i - a wand of flame (17)
 S - a wand of charming (5)
 X - a wand of acid (15)
 Y - a wand of mindburst (13)
Scrolls
 d - 5 scrolls of fear
 e - 4 scrolls of enchant armour {unknown}
 g - a scroll of noise {unknown}
 h - 4 scrolls of teleportation {unknown}
 m - 5 scrolls of poison {unknown}
 s - 4 scrolls of fog
 u - 5 scrolls of magic mapping
 x - 4 scrolls of enchant weapon {unknown}
 C - a scroll of amnesia
 F - a scroll of brand weapon
 G - a scroll of immolation
 L - a scroll of torment
 Q - a scroll of butterflies
 W - a scroll of vulnerability
Potions
 a - a potion of invisibility {unknown}
 j - 4 potions of curing
 p - 4 potions of might
 t - 5 potions of cancellation {unknown}
 v - 5 potions of lignification {unknown}
 z - 6 potions of flight
 D - 4 potions of magic {unknown}
 J - a potion of resistance {unknown}
 M - 2 potions of haste
 O - a potion of attraction {unknown}
 P - 4 potions of heal wounds {unknown}


   Skills:
 + Level 3.6 Fighting
 - Level 4.0 Dodging
 - Level 4.5 Stealth
 + Level 14.7 Unarmed Combat
 + Level 2.0 Spellcasting
 + Level 4.6 Transmutations
 - Level 3.0 Evocations


You had 8 spell levels left.
You knew the following spells:

 Your Spells              Type           Power      Damage    Failure   Level
a - Beastly Appendage     Tmut           42%        N/A       6%          1
b - Wereblood             Tmut           21%        N/A       9%          2
c - Spider Form           Tmut/Pois      11%        N/A       36%         3

Your spell library contained the following spells:

 Spells                   Type           Power      Damage    Failure   Level
 Foxfire                  Conj/Fire      8%         2x1d4     34%         1
 Magic Dart               Conj           8%         1d3       34%         1
 Call Imp                 Summ           2%         N/A       45%         2
 Cigotuvi's Dreadful Rot  Necr/Pois/Air  4%         N/A       45%         2
 Poisonous Vapours        Pois/Air       4%         N/A       45%         2
 Dazzling Flash           Conj/Hex       4%         N/A       67%         3
 Hailstorm                Conj/Ice       2%         3d3       67%         3
 Mephitic Cloud           Conj/Pois/Air  2%         N/A       67%         3
 Ice Form                 Ice/Tmut       11%        N/A       75%         4
 Blade Hands              Tmut           10%        N/A       78%         5
 Passage of Golubria      Tloc           2%         N/A       96%         4
 Irradiate                Conj/Tmut      5%         3d13      97%         5
 Agony                    Necr           2%         N/A       100%        5
 Fireball                 Conj/Fire      1%         3d3       100%        5
 Silence                  Hex/Air        1%         N/A       100%        5
 Summon Forest            Summ/Tloc      1%         N/A       100%        5
 Summon Mana Viper        Hex/Summ       2%         N/A       100%        5
 Simulacrum               Ice/Necr       1%         N/A       100%        6
 Starburst                Conj/Fire      1%         6d3       100%        6
 Summon Cactus Giant      Summ           1%         N/A       100%        6
 Dragon Form              Tmut           10%        N/A       100%        7
 Lehudib's Crystal Spear  Conj/Erth      1%         10d2      100%        8


Dungeon Overview and Level Annotations

Branches:
Dungeon (11/15)            Temple (0/1) D:7            Lair (1/5) D:9
  Sewer (visited)
    Orc: D:9-12

Shops:
D:7 (

Annotations:
D:4 Sigmund
D:9 exclusion: deep troll


Innate Abilities, Weirdness & Mutations

You have temporarily grown beastly horns and talons.
You have an increased reservoir of magic. (+10% MP)
You shall have no god before yourself.
Your divine heritage dramatically boosts your attributes as you level up.
Your system is resistant to poisons. (rPois)
Your spells are a little harder to cast, but a little more powerful.
You expend magic power (3 MP) to strengthen your wands.


Message History

Something hits you. Something closely misses you. Something barely misses you.
You climb upwards.
Reactivating autopickup.
There is a stone staircase leading down here.
Something hits you!
Deactivating autopickup; reactivate with Ctrl-A.
Something hits you.
There is a stone staircase leading down here.
Something misses you. Something hits you!
You closely miss something. Something hits you.
Something hits you but does no damage.
You barely miss something. Something barely misses you.
Casting: Beastly Appendage (safe; 6% risk of failure)
Confirm with . or Enter, or press ? or * to list all spells.
You grow a pair of large bovine horns.
Your feet morph into talons.
Your +0 helmet melds into your body.
Something misses you. Something barely misses you.
You miss something. Your kick misses something. Something barely misses you.
Something closely misses you. Something hits you. Something hits you.
You hit something but do no damage. You headbutt something.
You punch something! Something hits you. Something hits you.
Something hits you. Something hits you!
You barely miss something. You claw something.
Something hits you but does no damage. Something hits you.
* * * LOW HITPOINT WARNING * * *
You barely miss something. Your kick misses something. You punch something!
Your transformation is almost over.
Something hits you.
* * * LOW HITPOINT WARNING * * *
You punch something! Your kick misses something. You punch something.
Something hits you.
* * * LOW HITPOINT WARNING * * *
Something hits you!
* * * LOW HITPOINT WARNING * * *
You hit something but do no damage. Something barely misses you.
Something hits you.
You die...

#............# #.#
#.##########.# #)# #.#
#.#### ##)## #.# #.##.#
#.... #.# ######.##.#
#.... #.# #.........#
#.... #.# #.......#.#
#....
#.#############.######.##
#..#....@{...>.......[...
##.#.########.#.######.##
#.#............## #...
#.############..#######.
#.#...................#.
#.#.###########)..###.#.
#.#.# #........[.....<#.
#.#.###.##########......
#.#.....#############.#.


There were no monsters in sight!

Vanquished Creatures
  An elephant (D:9)
  4 trolls
  A vampire (D:10)
  29 yaks
  Grum (D:8)
  2 wyverns
  2 steam dragons
  Edmund (D:4)
  A water moccasin (Lair:1)
  3 hell hounds (D:10)
  4 orc warriors
  An ice beast (D:5)
  A centaur (D:9)
  6 wolves
  An ogre (D:5)
  3 kobold brigands
  4 bullfrogs
  3 necrophages (D:9)
  6 scorpions
  A gnoll sergeant (D:9)
  A wyvern zombie (D:9)
  7 wights
  5 killer bees (D:9)
  2 electric eels (D:9)
  A howler monkey (D:6)
  2 centaur zombies (D:9)
  A jelly (D:7)
  A human zombie (D:9)
  7 hounds
  8 orc priests
  13 orc wizards
  6 iguanas
  A killer bee zombie (D:9)
  2 mummies (D:9)
  Robin (D:2)
  7 gnolls
  10 adders
  A river rat (Sewer)
  An ufetubus (D:5)
  A worm (D:2)
  A dart slug (D:4)
  30 orcs
  8 ball pythons
  9 bats
  9 endoplasms
  4 giant cockroaches
  9 hobgoblins
  6 jackals (D:1)
  20 kobolds
  A quokka (D:2)
  2 frilled lizards
  14 goblins
  6 rats
272 creatures vanquished.

Notes
Turn   | Place    | Note
-------+----------+-------------------------------------------
     0 | D:5      | drugrobin the Demigod Delver began the quest for the Orb.
     0 | D:5      | Reached XP level 1. HP: 18/18 MP: 3/3
    30 | D:5      | Reached skill level 2 in Unarmed Combat
    68 | D:5      | Noticed a scorpion
    84 | D:5      | Noticed an iguana
   132 | D:5      | Noticed a hound
   175 | D:4      | Noticed a hound
   266 | D:3      | Identified the +1 ring mail of the True Pharaoh {rPois
                  | Int+8 Dex-5}
   323 | D:3      | Identified the +4 ring mail "Piefuw" {Contam *Corrode rF+++
                  | Str+8}
   452 | D:3      | Reached XP level 2. HP: 25/25 MP: 4/4
   856 | D:3      | Reached skill level 3 in Unarmed Combat
   927 | D:2      | Identified the +7 shortbow of Fabbim {flame, rElec Int+2}
  1109 | D:1      | Reached XP level 3. HP: 30/30 MP: 5/5
  1682 | D:2      | Reached skill level 4 in Unarmed Combat
  1693 | D:2      | Reached XP level 4. HP: 37/37 MP: 6/6
  2187 | D:3      | Noticed Robin
  2209 | D:2      | Killed Robin
  2419 | D:3      | Reached skill level 5 in Unarmed Combat
  2419 | D:3      | Reached XP level 5. HP: 42/42 MP: 7/7
  2928 | D:4      | Noticed Edmund
  2938 | D:4      | Killed Edmund
  2939 | D:4      | Reached skill level 6 in Unarmed Combat
  2939 | D:4      | Reached XP level 6. HP: 23/50 MP: 8/8
  3049 | D:4      | Noticed Sigmund
  3216 | D:4      | Learned a level 1 spell: Beastly Appendage
  3219 | D:4      | Learned a level 2 spell: Wereblood
  3542 | D:5      | Reached skill level 1 in Transmutations
  3803 | D:5      | Reached skill level 7 in Unarmed Combat
  3803 | D:5      | Reached XP level 7. HP: 39/56 MP: 9/9
  4183 | D:5      | Learned a level 3 spell: Spider Form
  4282 | D:6      | Found a glowing drain.
  4297 | Sewer    | Entered a sewer
  4626 | D:6      | Reached skill level 8 in Unarmed Combat
  4767 | D:6      | Reached XP level 8. HP: 56/62 MP: 8/10
  5125 | D:7      | Reached skill level 9 in Unarmed Combat
  5194 | D:7      | Found Footauss's Weapon Boutique.
  5202 | D:7      | Bought 2 curare-tipped darts for 12 gold pieces
  5324 | D:7      | Reached skill level 10 in Unarmed Combat
  5503 | D:7      | Found Reanosy's Lightly-Used Armoury.
  5762 | D:7      | Found a staircase to the Ecumenical Temple.
  5935 | D:8      | Reached XP level 9. HP: 68/68 MP: 9/11
  6110 | D:8      | Reached skill level 11 in Unarmed Combat
  6205 | D:8      | Noticed Grum
  6216 | D:8      | Reached skill level 12 in Unarmed Combat
  6221 | D:8      | Killed Grum
  6432 | D:9      | Reached skill level 1 in Evocations
  6630 | D:9      | Noticed a deep troll
  6759 | D:8      | Reached XP level 10. HP: 64/74 MP: 13/13
  6799 | D:8      | Reached skill level 13 in Unarmed Combat
  6853 | D:9      | Identified a scroll of acquirement
  6854 | D:9      | Acquired the +1 buckler of the Ecumenical Temple {Drain
                  | rPois rF++ Stlth+}
  7218 | D:9      | Gained mutation: You occasionally lose the ability to drink
                  | potions when taking damage. [mutagenic glow]
  7229 | D:9      | Gained mutation: You sometimes lose your temper in combat.
                  | [mutagenic glow]
  7384 | D:9      | Found a staircase to the Lair.
  7416 | D:9      | Reached skill level 14 in Unarmed Combat
  7542 | D:9      | Identified the +1 scale mail of Lausmidi {rPois rCorr
                  | Stlth+}
  7637 | Lair:1   | Entered Level 1 of the Lair of Beasts
  7674 | Lair:1   | Lost mutation: You occasionally lose the ability to drink
                  | potions when taking damage. [potion of mutation]
  7674 | Lair:1   | Lost mutation: You sometimes lose your temper in combat.
                  | [potion of mutation]
  7674 | Lair:1   | Gained mutation: You expend magic power (3 MP) to
                  | strengthen your wands. [potion of mutation]
  7674 | Lair:1   | Gained mutation: Your system is resistant to poisons.
                  | (rPois) [potion of mutation]
  7674 | Lair:1   | Gained mutation: Your spells are a little harder to cast,
                  | but a little more powerful. [potion of mutation]
  7684 | Lair:1   | Noticed an elephant
  7690 | Lair:1   | Noticed an elephant
  7715 | D:9      | Killed an elephant
  7752 | D:10     | Entered Level 10 of the Dungeon
  8211 | D:10     | Reached XP level 11. HP: 81/81 MP: 8/14
  8432 | D:10     | Reached skill level 1 in Spellcasting
  9104 | D:11     | Noticed a two-headed ogre
  9155 | D:10     | HP: 3/82 [something (8)]
  9156 | D:10     | Slain by an unseen horror

Illustrated notes

Levels and vault maps discovered:
D:1:      minmay_arrival_loop, layout_rooms, minmay_hedge_maze,
          minmay_crystal_room
D:2:      layout_basic
D:3:      layout_loops_corners, nicolae_kikubaaqudgha_miasma_corner,
          hangedman_decor_push, uniq_robin
D:4:      layout_gridville, sigmund_edmund_badplayer
D:5:      layout_basic, makhleb_blood_cavern_becter, nicolae_vehumet_radiance,
          kennysheep_little_box, lemuel_doored_altar, uniq_edmund
D:6:      layout_basic, cheibrodos_sewer_entry_drain, amcnicky_mini_pool_small,
          minmay_misc_feat_tiny
D:7:      layout_gridville, trog_butcher_becter, minmay_temple_entry_tees,
          serial_shops, shop, minmay_shop_damaged
D:8:      layout_rooms, uniq_grum
D:9:      layout_loops_ring, lemuel_mausoleum_altar_yredelemnul,
          lemuel_tele_altar, erik_lair_island,
          hellmonk_guarded_unrand_vitality_bloodlust
D:10:     layout_basic, dreamdust_divine_triumvirate,
          mainiacjoe_overflow_brackets, minmay_rotating_lava
D:11:     kennysheep_big_flooded_room, layout_long_grid,
          ebering_ghost_reflecting_pool
Lair:1:   layout_layer_cave

Skill      XL: |  1  2  3  4  5  6  7  8  9 10 11 |
---------------+----------------------------------+-----
Unarmed Combat | 2 3 4 5 6 7 8 10 12 14 | 14.7
Transmutations | 1 3 4 |  4.6
Evocations     | 2 3 |  3.0
Dodging        | 4 |  4.0
Fighting       | 3 |  3.6
Spellcasting   | 2 |  2.0
Stealth        | |  4.5

Action                   |  1- 3 |  4- 6 |  7- 9 | 10-12 || total
-------------------------+-------+-------+-------+-------++-------
Melee: Unarmed           |    63 |    40 |   182 |   271 ||   556
       Punch             |     1 |     3 |    11 |    13 ||    28
       Kick              |       |       |    38 |    49 ||    87
       Headbutt          |       |       |    27 |    32 ||    59
       Dagger            |       |       |    13 |     2 ||    15
 Fire: Shortbow          |    35 |    75 |   115 |    61 ||   286
Throw: Boomerang         |     3 |       |    14 |     1 ||    18
       Dart              |       |       |     1 |       ||     1
       Throwing net      |       |       |       |     1 ||     1
 Cast: Beastly Appendage |       |       |    20 |    14 ||    34
       Wereblood         |       |       |     1 |     1 ||     2
       Spider Form       |       |       |       |     2 ||     2
  Use: Potion            |     1 |     4 |       |     1 ||     6
       Scroll            |     1 |       |     5 |     6 ||    12
 Stab: Sleeping          |     2 |       |     2 |    10 ||    14
       Distracted        |       |       |     1 |       ||     1
       Held in net/web   |       |       |       |     1 ||     1
Armor: Leather armour    |     9 |    15 |    21 |    31 ||    76
Dodge: Dodged            |    34 |    28 |   169 |   192 ||   423
Block: Buckler           |       |       |       |    17 ||    17

Table legend: (Time is in decaauts)
 A = Elapsed time spent in this place.
 B = Non-inter-level travel time spent in this place.
 C = Inter-level travel time spent in this place.
 D = Time resting spent in this place.
 E = Time spent auto-exploring this place.
 F = Levels seen in this place.
 G = Mean time per level.
                   A        B        C        D        E       F      G
               +--------+--------+--------+--------+--------+-----+--------+
         Total |   9227 |   8786 |    441 |    164 |   6109 |  13 |  709.8 |
       Dungeon |   8780 |   8339 |    441 |    156 |   5821 |  11 |  798.2 |
          Lair |     65 |     65 |      0 |      0 |     23 |   1 |   65.0 |
         Sewer |    382 |    382 |      0 |      8 |    265 |   1 |  382.0 |
               +--------+--------+--------+--------+--------+-----+--------+

Top non-repeatable levels by time:
     D:3: 1285 daAuts
    D:10: 1216 daAuts
     D:9: 1190 daAuts
     D:5: 910 daAuts
     D:4: 774 daAuts
     D:7: 733 daAuts
     D:2: 691 daAuts
     D:1: 646 daAuts
     D:8: 591 daAuts
     D:6: 556 daAuts
   Sewer: 382 daAuts
    D:11: 184 daAuts
  Lair:1: 65 daAuts
